 Dungeon Crawl Stone Soup version 0.30-a0-930-gb9d0489357 (webtiles) character file.

Game seed: 14485563528016362414

5032 vineage the Fighter (level 10, -8/68 HPs)
             Began as a Gargoyle Fighter on Mar 23, 2023.
             Was a Priest of Okawaru.
             Shot with an arrow by a centaur warrior (25 damage)
             ... on level 8 of the Dungeon.
             The game lasted 00:08:14 (7486 turns).

vineage the Fighter (Gargoyle Fighter)              Turns: 7486, Time: 00:08:15

Health: -8/68      AC: 24    Str: 22    XL:     10   Next: 55%
Magic:  10/12      EV: 15    Int:  9    God:    Okawaru [***...]
Gold:   391        SH: 13    Dex: 17    Spells: 9/9 levels left

rFire   . . .      SeeInvis .    y - +2 flail (protect)
rCold   . . .      Faith    .    A - +0 kite shield
rNeg    + . .      Spirit   .    D - +0 chain mail
rPois   ∞          Reflect  .    v - +0 helmet
rElec   +          Rampage  .    (no cloak)
rCorr   .                        x - +0 pair of gloves
Will    .....                    j - +0 pair of boots Stlth
                                 (no amulet)
HPRegen 0.31/turn                e - +5 ring of evasion
MPRegen 0.13/turn                G - +6 ring of dexterity

@: about to teleport, heroic
A: sickness immunity, AC +7, negative energy resistance 1, electricity
resistance, torment resistance 1, petrification resistance
a: Renounce Religion, Heroism


You were on level 8 of the Dungeon.
You worshipped Okawaru.
Okawaru was most pleased with you.
You visited 2 branches of the dungeon, and saw 9 of its levels.

You collected 391 gold pieces.

Inventory:

Hand Weapons
 a - a +1 flail of electrocution
 y - a +2 flail of protection (weapon)
Missiles
 B - 2 throwing nets (quivered)
Armour
 b - a scarf of harm
 j - a +0 pair of boots (worn)
 v - a +0 helmet (worn)
 x - a +0 pair of gloves (worn)
 A - a +0 kite shield (worn)
 D - a +0 chain mail (worn)
Jewellery
 e - a +5 ring of evasion (left hand)
 q - a ring of magical power
 C - a ring of protection from fire
 G - a +6 ring of dexterity (right hand)
Wands
 k - a wand of acid (26)
 o - a wand of paralysis (7)
 s - a wand of flame (30)
 F - a wand of roots (22)
Scrolls
 c - 3 scrolls of butterflies
 i - 2 scrolls of teleportation
 p - a scroll of enchant weapon
 r - 2 scrolls of fear
 z - a scroll of fog
Potions
 d - 2 potions of magic
 f - 3 potions of brilliance
 g - 5 potions of curing
 h - a potion of invisibility
 l - a potion of heal wounds
 m - 2 potions of flight
 n - a potion of haste
 t - a potion of ambrosia {unknown}
 u - a potion of might
 w - 3 potions of cancellation


   Skills:
 * Level 10.1(15.1) Fighting
 * Level 8.9(13.9) Maces & Flails
 + Level 7.4(12.4) Armour
 + Level 7.5(12.5) Shields
 + Level 3.0 Invocations


You had 9 spell levels left.
You didn't know any spells.
Your spell library contained the following spells:

 Spells                   Type           Power      Damage    Failure   Level
 Freeze                   Ice            0%         1d3       99%         1
 Lesser Beckoning         Tloc           0%         N/A       100%        2
 Frozen Ramparts          Ice            0%         1d1       100%        3
 Gell's Gravitas          Tloc           0%         N/A       100%        3
 Hailstorm                Conj/Ice       0%         3d3       100%        3
 Teleport Other           Tloc           0%         N/A       100%        3
 Fireball                 Conj/Fire      0%         3d3       100%        5
 Conjure Ball Lightning   Conj/Air       0%         3x3d6     100%        6
 Summon Forest            Summ/Tloc      Unusable   N/A       N/A         5

Dungeon Overview and Level Annotations

Branches:
Dungeon (8/15)             Temple (1/1) D:6
   Lair: D:8-11

Altars:
Ashenzari
Dithmenos
Elyvilon
Fedhas
Kikubaaqudgha
Makhleb
Nemelex Xobeh
Okawaru
Qazlal
Ru
Sif Muna
Trog
Vehumet
Wu Jian
Xom
Yredelemnul

Shops:
D:4 [   D:7 :

Annotations:
D:4 Blork the orc


Innate Abilities, Weirdness & Mutations

You are immune to sickness and miasma.
Your stone body is resilient. (AC +7)
You are immune to poison.
You resist negative energy. (rN+)
You are resistant to electric shocks. (rElec)
You are resistant to unholy torment.
You are immune to petrification.


Message History

The howler monkey hoots and howls with incredible vigour!
You hear a shout!
You closely miss the howler monkey.
The howler monkey is severely wounded.
You block the howler monkey's attack.
A centaur warrior comes into view. It is wielding a staff of death.
You closely miss the howler monkey.
The howler monkey is severely wounded.
The howler monkey barely misses you.
An orc wizard comes into view. It is wielding a +0 dagger.
The howler monkey hits you but does no damage.
You barely miss the howler monkey.
The howler monkey is severely wounded.
A two-headed ogre comes into view. It is wielding two +0 giant clubs.
You block the howler monkey's attack.
You sock the howler monkey!
You kill the howler monkey!
Okawaru accepts your kill.
The howler monkey hoots and howls with incredible vigour!
You hear a shout!
The sleepcap attacks as you move away! The sleepcap barely misses you.
The sleepcap attacks as you move away! The sleepcap barely misses you.
The sleepcap attacks as you move away! The sleepcap barely misses you.
The sleepcap attacks as you move away!
The sleepcap releases spores at you but does no damage.
The centaur warrior wields a +4 shortbow.
The centaur warrior shoots an arrow.
The arrow hits you!!
* * * LOW HITPOINT WARNING * * *
The centaur warrior shoots an arrow.
You block the arrow.
The centaur warrior shoots an arrow.
You block the arrow.
Okay, then.
You gain the combat prowess of a mighty hero.
The centaur warrior shoots an arrow.
The arrow hits you but does no damage.
As you read the scroll of teleportation, it crumbles to dust.
You feel strangely unstable.
The centaur warrior shoots an arrow.
The arrow hits you.
* * * LOW HITPOINT WARNING * * *
The centaur warrior shoots an arrow.
You block the arrow.
The centaur warrior shoots an arrow.
The arrow hits you!!
You die... ##### co#

..# ####...####)#..#
.###[...o....##...#
.......f##........#
#.##.##.#c###.......#
#.# ...#.# #########
## #.# ###.#.# .# #.#
#.#.# .# #.# #.#@# .#
#.# #.#.# .#
#.#####.#.#
.#######.........#
...............###
################


You could see a centaur warrior, a sleepcap and an orc wizard.

Vanquished Creatures
  A hydra (D:8)
  Pikel (D:5)
  An unseen horror (D:7)
  Grinder (D:5)
  A vampire (D:7)
  A wyvern (D:8)
  6 yaks (D:8)
  Menkaure (D:4)
  4 black bears
  An ice beast (D:5)
  3 ogres
  A centaur (D:5)
  4 lemures (D:5)
  A phantom (D:5)
  A kobold brigand (D:6)
  A bullfrog (D:6)
  2 scorpions (D:5)
  3 killer bees (D:8)
  A howler monkey (D:8)
  5 hounds
  3 orc priests
  A gnoll bouda (D:4)
  2 jellies
  4 iguanas
  3 sleepcaps
  6 orc wizards
  9 gnolls
  9 adders
  2 shadow imps
  A white imp (D:7)
  2 ufetubi
  2 worms (D:4)
  3 dart slugs
  20 orcs
  4 ball pythons
  5 endoplasms
  7 giant cockroaches
  4 hobgoblins
  A jackal (D:2)
  4 quokkas
  5 bats
  2 frilled lizards (D:2)
  11 goblins
  14 kobolds
  5 rats
169 creatures vanquished.

Notes
Turn   | Place    | Note
-------+----------+-------------------------------------------
     0 | D:1      | vineage the Gargoyle Fighter began the quest for the Orb.
     0 | D:1      | Reached XP level 1. HP: 14/14 MP: 1/1
   145 | D:1      | Reached XP level 2. HP: 18/19 MP: 2/2
   787 | D:2      | Reached XP level 3. HP: 21/24 MP: 3/3
  1350 | D:2      | Reached skill level 4 in Fighting
  1353 | D:2      | You fall into a shaft and drop 1 floor!
  1366 | D:3      | Identified the +0 hat "Jehumn" {Int+5}
  1425 | D:2      | Reached XP level 4. HP: 28/29 MP: 4/4
  1812 | D:3      | Found a shimmering blue altar of Sif Muna.
  2065 | D:3      | Reached XP level 5. HP: 34/34 MP: 5/5
  2551 | D:4      | Noticed Blork the orc
  2564 | D:4      | Found Joagor's Armour Shoppe.
  2571 | D:4      | Noticed an ogre
  2576 | D:4      | Killed an ogre
  2577 | D:4      | Reached XP level 6. HP: 40/40 MP: 6/6
  2644 | D:4      | Reached skill level 5 in Fighting
  2844 | D:4      | Noticed a black bear
  2863 | D:4      | Killed a black bear
  3148 | D:4      | Reached XP level 7. HP: 34/44 MP: 7/7
  3231 | D:4      | Found an ancient bone altar of Kikubaaqudgha.
  3305 | D:4      | Noticed Menkaure
  3309 | D:4      | Killed Menkaure
  3536 | D:5      | Entered Level 5 of the Dungeon
  3544 | D:5      | Reached skill level 6 in Fighting
  3546 | D:5      | Got Eluf Susa's Catalogue of Translocated Trauma
  3665 | D:5      | Reached skill level 5 in Maces & Flails
  3757 | D:5      | Reached skill level 5 in Shields
  3955 | D:5      | Reached skill level 5 in Armour
  3955 | D:5      | Reached XP level 8. HP: 32/52 MP: 8/8
  4158 | D:5      | Noticed Grinder
  4168 | D:5      | Killed Grinder
  4427 | D:5      | Reached skill level 7 in Fighting
  4643 | D:5      | Noticed Pikel
  4655 | D:5      | Killed Pikel
  4656 | D:5      | Reached skill level 8 in Fighting
  4656 | D:5      | Reached XP level 9. HP: 50/59 MP: 9/9
  4958 | D:6      | Found a broken altar of Ashenzari.
  5186 | D:6      | Found a stormy altar of Qazlal.
  5226 | D:6      | Found a sparkling altar of Nemelex Xobeh.
  5398 | D:6      | Found a basalt altar of Yredelemnul.
  5415 | D:6      | Found a staircase to the Ecumenical Temple.
  5478 | Temple   | Entered the Ecumenical Temple
  5502 | Temple   | Became a worshipper of Warmaster Okawaru
  6295 | D:7      | Reached * piety under Okawaru
  6296 | D:7      | Reached skill level 9 in Fighting
  6481 | D:7      | Found a sacrificial altar of Ru.
  6574 | D:7      | Killed an unseen horror
  6575 | D:7      | Reached skill level 1 in Invocations
  6742 | D:7      | Found Geschaxecw's Book Shop.
  7068 | D:8      | Reached XP level 10. HP: 66/66 MP: 9/11
  7075 | D:8      | Reached ** piety under Okawaru
  7311 | D:8      | Found a shadowy altar of Dithmenos.
  7313 | D:8      | Found a bloodstained altar of Trog.
  7314 | D:8      | Found a white marble altar of Elyvilon.
  7434 | D:8      | Noticed a six-headed hydra
  7450 | D:8      | Killed a six-headed hydra
  7451 | D:8      | Reached skill level 10 in Fighting
  7459 | D:8      | Reached *** piety under Okawaru
  7467 | D:8      | Noticed a centaur warrior
  7469 | D:8      | Noticed a two-headed ogre
  7486 | D:8      | Shot with an arrow by a centaur warrior

Illustrated notes

Levels and vault maps discovered:
D:1:      nzn_arrival_water_spiral, layout_loops_ring, nrook_uturn,
          amcnicky_mini_corridor_feature
D:2:      minmay_chambers_of_ones, layout_basic, minmay_worlds_worst_comb
D:3:      layout_basic, nicolae_sif_muna_condensation
D:4:      layout_gridville, lemuel_coloured_pillars_altar, serial_shops, shop,
          uniq_menkaure, uniq_blork_the_orc
D:5:      minmay_recursive_quarters, layout_cave_pods, uniq_pikel, uniq_grinder
D:6:      layout_basic, mainiacjoe_overflow_small_starburst,
          mainiacjoe_overflow_alcove_2, lemuel_crystal_altar,
          nicolae_qazlal_scattered_showers, minmay_temple_entry_stoned_glass,
          kennysheep_generic_room_16
D:7:      layout_basic, mainiacjoe_overflow_concentric_impassable, serial_shops,
          kennysheep_mini_moat, nicolae_kite_square_tiling_tiny,
          minmay_crossroads
D:8:      layout_loops_ring, grunt_temple_overflow_open,
          wad_floor_pattern_untrapped, minmay_pinched_square
Temple:   hellmonk_temple_of_storms

Skill      XL: |  1  2  3  4  5  6  7  8  9 10 |
---------------+-------------------------------+-----
Fighting       | 4 5 6 8 9 10 | 10.1
Maces & Flails | 3 4 5 7 8 |  8.9
Shields        | 4 5 6 7 |  7.5
Armour         | 4 5 6 7 |  7.4
Invocations    | 1 3 |  3.0

Action                     |  1- 3 |  4- 6 |  7- 9 | 10-12 || total
---------------------------+-------+-------+-------+-------++-------
  Melee: Flail             |   120 |   135 |   364 |    96 ||   715
 Invoke: Heroism           |       |       |       |     2 ||     2
    Use: Scroll            |     4 |    13 |     6 |     1 ||    24
         Potion            |       |     1 |     1 |       ||     2
 Armour: Scale mail        |    73 |    44 |   161 |       ||   278
         Chain mail        |       |       |    62 |    43 ||   105
  Dodge: Dodged            |    80 |   125 |   236 |    39 ||   480
  Block: Buckler           |    32 |    36 |    45 |       ||   113
         Kite shield       |       |       |   137 |    52 ||   189

Table legend: (Time is in decaauts)
 A = Elapsed time spent in this place.
 B = Non-inter-level travel time spent in this place.
 C = Inter-level travel time spent in this place.
 D = Time resting spent in this place.
 E = Time spent auto-exploring this place.
 F = Levels seen in this place.
 G = Mean time per level.
                   A        B        C        D        E       F      G
               +--------+--------+--------+--------+--------+-----+--------+
         Total |   7626 |   7283 |    343 |    147 |   5571 |   9 |  847.3 |
       Dungeon |   7586 |   7263 |    323 |    147 |   5557 |   8 |  948.2 |
        Temple |     39 |     19 |     20 |      0 |     14 |   1 |   39.0 |
               +--------+--------+--------+--------+--------+-----+--------+

Top non-repeatable levels by time:
     D:5: 1419 daAuts
     D:6: 1237 daAuts
     D:3: 953 daAuts
     D:2: 947 daAuts
     D:4: 942 daAuts
     D:7: 869 daAuts
     D:1: 768 daAuts
     D:8: 447 daAuts
  Temple: 39 daAuts
